 Dungeon Crawl Stone Soup version 0.21.0-3-g78d12a8 (webtiles) character file.

2898 troglodite the Shield-Bearer (level 9, 0/68 HPs)
             Began as a Demonspawn Berserker on Jan 10, 2018.
             Was an Elder of Trog.
             Slain by a cyclops (26 damage)
             ... on level 8 of the Dungeon.
             The game lasted 00:21:39 (7590 turns).

troglodite the Shield-Bearer (Demonspawn Berserker) Turns: 7590, Time: 00:21:40

Health: 0/68       AC: 19    Str: 17    XL:     9   Next: 49%
Magic:  9/9        EV:  5    Int: 10    God:    Trog [****..]
Gold:   314        SH: 18    Dex: 15    Spells: 8/8 levels left

rFire    . . .     SeeInvis .   E - +2 long sword
rCold    . . .     Gourm    .   d - +3 large shield
rNeg     . . .     Faith    .   u - +1 chain mail
rPois    .         Spirit   .   A - +2 hat
rElec    .         Reflect  .   x - +0 cloak (curse)
rCorr    .         Harm     .   (no gloves)
MR       .....                  B - +0 pair of boots
Stlth    +.........             (no amulet)
HPRegen  0.21/turn              (no ring)
MPRegen  0.11/turn              (no ring)

@: drained
A: claws 2, iridescent scales 2, nightstalker 1, rot immunity
a: Berserk, Trog's Hand, Brothers in Arms, Burn Spellbooks, Renounce Religion


You were on level 8 of the Dungeon.
You worshipped Trog.
Trog was greatly pleased with you.
You were near starving.

You visited 1 branch of the dungeon, and saw 8 of its levels.

You collected 314 gold pieces.

Inventory:

Hand Weapons
 e - a +0 dagger of flaming
 E - a +2 long sword (weapon)
Armour
 d - a +3 large shield (worn)
 u - a +1 chain mail (worn)
 x - a cursed +0 cloak (worn)
 A - a +2 hat (worn)
 B - a +0 pair of boots (worn)
Wands
 b - a wand of acid (20)
 y - a wand of polymorph (14)
 C - a wand of random effects (27)
Scrolls
 j - a scroll of teleportation {unknown}
 l - 3 scrolls of identify {unknown}
 m - a scroll of vulnerability {unknown}
 n - a scroll of magic mapping {unknown}
 q - 2 scrolls of remove curse
 r - 2 scrolls of fear {unknown}
 s - a scroll of amnesia {unknown}
 w - 2 scrolls of blinking {unknown}
 z - a scroll of summoning {unknown}
 D - a scroll of noise {unknown}
 G - a scroll of random uselessness {unknown}
Potions
 f - a potion of lignification {unknown}
 g - a potion of mutation {unknown}
 h - 4 potions of heal wounds
 i - 2 potions of flight {unknown}
 k - 3 potions of curing
 o - 2 potions of haste {unknown}
 p - 2 potions of degeneration {unknown}
 t - a potion of cancellation {unknown}
 v - a potion of agility {unknown}
 F - a potion of invisibility {unknown}
Comestibles
 c - 10 rations


   Skills:
 * Level 5.4(5.1) Fighting
 + Level 4.2(4.4) Short Blades
 + Level 2.9(3.8) Long Blades
 * Level 4.9(4.7) Armour
 * Level 4.5(4.3) Dodging
 * Level 3.9(3.7) Stealth
 * Level 7.1(6.9) Shields


You had 8 spell levels left.
You didn't know any spells.

Dungeon Overview and Level Annotations

Branches:
Dungeon (8/15)             Temple (0/1) D:4
   Lair: D:8-11

Altars:
Ashenzari
Cheibriados
Hepliaklqana
Nemelex Xobeh
Sif Muna
Uskayaw
Zin

Shops:
D:5 *   D:6 %


Innate Abilities, Weirdness & Mutations

You have very sharp fingernails.
You are mostly covered in iridescent scales. (AC +4)
You are slightly more attuned to the shadows.
You are immune to rotting.


Message History

You hit the cyclops.
The cyclops is heavily wounded.
You block the adder's attack. The cyclops hits you!
* * * LOW HITPOINT WARNING * * *
You hit the cyclops.
The cyclops is heavily wounded.
The adder completely misses you. You block the adder's attack.
You block the cyclops's attack.
You hit the cyclops.
The cyclops is heavily wounded.
You block the adder's attack. The adder closely misses you.
You block the cyclops's attack.
You hit the cyclops.
The cyclops is severely wounded.
You block the adder's attack. The adder bites you but does no damage.
The cyclops hits you!
* * * LOW HITPOINT WARNING * * *
Unknown command.
You feel much better. You block the adder's attack. The cyclops hits you!!
You die...

#....# #....#
#+##..(.#####
......(.....#
......(.....#
............#
.......(....#
........(S..#
.........@C.#
............#
............#
........>...#
...........#
..........#
.........#


You could see a cyclops and an adder.

Vanquished Creatures
  Pikel (D:4)
  Grinder (D:5)
  Sigmund (D:5)
  Eustachio (D:6)
  Duvessa (D:5)
  A black bear (D:6)
  A sky beast (D:7)
  An ice beast (D:7)
  2 ogres
  A bullfrog (D:7)
  Dowan (D:5)
  A scorpion (D:4)
  3 wights (D:7)
  A howler monkey (D:5)
  4 crimson imps
  A centaur zombie (D:5)
  A bullfrog zombie (D:5)
  A jelly (D:4)
  A bullfrog skeleton (D:4)
  An orc priest (D:4)
  Crazy Yiuf (D:5)
  Ijyb (D:3)
  9 orc wizards
  7 worker ants
  2 hound skeletons
  3 worker ant zombies
  A howler monkey skeleton (D:6)
  8 adders
  2 oozes (D:3)
  An adder zombie (D:5)
  An adder skeleton (D:6)
  2 worms
  2 dart slugs
  6 leopard geckos
  24 orcs
  7 giant cockroaches
  6 goblins
  12 hobgoblins
  7 jackals
  7 kobolds
  10 bats
  6 frilled lizards
  A jackal zombie (D:6)
  7 rats
159 creatures vanquished.

Vanquished Creatures (others)
  A scorpion (D:7)
  A shadow imp (D:7)
  A quokka skeleton (D:4)
3 creatures vanquished.

Grand Total: 162 creatures vanquished

Notes
Turn   | Place    | Note
-------+----------+-------------------------------------------
     0 | D:1      | troglodite the Demonspawn Berserker began the quest for the Orb.
     0 | D:1      | Reached XP level 1. HP: 18/18 MP: 1/1
   341 | D:1      | Gained mutation: You are partially covered in iridescent scales. (AC +2) [demonic ancestry]
   341 | D:1      | Reached XP level 2. HP: 17/24 MP: 2/2
  1133 | D:2      | Gained mutation: You are immune to rotting. [demonic ancestry]
  1133 | D:2      | Reached XP level 3. HP: 27/29 MP: 3/3
  1396 | D:2      | Reached skill level 1 in Shields
  1413 | D:2      | Reached ** piety under Trog
  1528 | D:2      | Found a hazy altar of Hepliaklqana.
  1798 | D:2      | Gained mutation: You are mostly covered in iridescent scales. (AC +4) [demonic ancestry]
  1798 | D:2      | Reached XP level 4. HP: 35/35 MP: 4/4
  1801 | D:2      | Reached skill level 1 in Short Blades
  2622 | D:3      | Reached XP level 5. HP: 41/41 MP: 5/5
  2731 | D:3      | Noticed Ijyb
  2744 | D:3      | Killed Ijyb
  2744 | D:3      | Reached *** piety under Trog
  2744 | D:3      | Reached skill level 2 in Shields
  3092 | D:3      | Gained mutation: You are slightly more attuned to the shadows. [demonic ancestry]
  3092 | D:3      | Reached XP level 6. HP: 47/48 MP: 6/6
  3403 | D:4      | Reached skill level 3 in Shields
  3461 | D:4      | Reached skill level 1 in Stealth
  3640 | D:4      | Reached XP level 7. HP: 54/54 MP: 7/7
  3794 | D:4      | Noticed Pikel
  3849 | D:4      | Killed Pikel
  3849 | D:4      | Reached skill level 4 in Shields
  3849 | D:4      | Gained mutation: You have sharp fingernails. [demonic ancestry]
  3849 | D:4      | Reached XP level 8. HP: 58/61 MP: 8/8
  4068 | D:4      | Found a staircase to the Ecumenical Temple.
  4456 | D:5      | Entered Level 5 of the Dungeon
  4456 | D:5      | Noticed Sigmund
  4466 | D:5      | Killed Sigmund
  4489 | D:5      | Found Hogeror's General Store.
  4516 | D:5      | Reached skill level 5 in Shields
  4579 | D:5      | Reached **** piety under Trog
  4940 | D:5      | Noticed Duvessa
  4947 | D:5      | Noticed Dowan
  4951 | D:5      | Killed Duvessa
  4961 | D:5      | Killed Dowan
  5679 | D:5      | Noticed Grinder
  5684 | D:5      | Paralysed by Grinder for 4 turns
  5697 | D:5      | Killed Grinder
  5697 | D:5      | Reached skill level 5 in Fighting
  5697 | D:5      | Reached skill level 6 in Shields
  5697 | D:5      | Gained mutation: You have very sharp fingernails. [demonic ancestry]
  5697 | D:5      | Reached XP level 9. HP: 68/68 MP: 9/9
  5879 | D:5      | Found a runed door.
  5883 | D:5      | Noticed Crazy Yiuf
  5888 | D:5      | Killed Crazy Yiuf
  6344 | D:6      | Found a shattered altar of Ashenzari.
  6349 | D:6      | Found a snail-covered altar of Cheibriados.
  6381 | D:6      | Found a sparkling altar of Nemelex Xobeh.
  6457 | D:6      | Noticed Eustachio
  6476 | D:6      | Killed Eustachio
  6522 | D:6      | Found a deep blue altar of Sif Muna.
  6562 | D:6      | Found Siroladd's Food Boutique.
  6893 | D:6      | You fall through a shaft!
  6964 | D:7      | Found a glowing silver altar of Zin.
  7145 | D:7      | Reached skill level 7 in Shields
  7353 | D:7      | Found a hide-covered altar of Uskayaw.
  7575 | D:8      | Noticed a cyclops
  7589 | D:8      | HP: 1/68 [cyclops (8)]
  7590 | D:8      | Slain by a cyclops

Skill      XL: |  1  2  3  4  5  6  7  8  9 |
---------------+----------------------------+-----
Armour         | 2 3 4 |  4.9
Shields        | 1 2 3 4 6 7 |  7.1
Dodging        | 2 3 4 |  4.5
Short Blades   | 1 2 3 4 |  4.2
Fighting       | 4 5 |  5.4
Stealth        | 1 2 3 |  3.9
Long Blades    | |  2.9

Action                   |  1- 3 |  4- 6 |  7- 9 || total
-------------------------+-------+-------+-------++-------
Melee: Dagger            |   157 |   250 |   699 ||  1106
       Falchion          |    10 |       |       ||    10
       Long sword        |       |       |    29 ||    29
Invok: Berserk           |     6 |     6 |    15 ||    27
  Use: Scroll            |       |     1 |     5 ||     6
       Potion            |       |       |     3 ||     3
  Eat: Chunk             |     8 |    12 |    13 ||    33
       Ration            |       |       |     4 ||     4
Armor: Ring mail         |    57 |    69 |    16 ||   142
       Chain mail        |       |       |   245 ||   245
Dodge: Dodged            |    47 |    54 |    74 ||   175
Block: Large shield      |   124 |   166 |   523 ||   813
       Rpst.: Falchion   |     3 |       |       ||     3
